 Dungeon Crawl Stone Soup version 0.24.0-2-g5b39cebb1c (webtiles) character file.

Game seed: 18217149254274618851, levelgen mode: deterministic

190462 PlayerOfArmor the Brawler (level 17, -8/158 HPs)
             Began as a Troll Fighter on Oct 30, 2019.
             Was the Champion of Zin.
             Killed from afar by a shock serpent (16 damage)
             ... with a bolt of electricity
             ... on level 4 of the Snake Pit.
             The game lasted 01:03:20 (27508 turns).

PlayerOfArmor the Brawler (Troll Fighter)          Turns: 27508, Time: 01:03:20

Health: -8/158     AC: 18    Str: 37    XL:     17   Next: 98%
Magic:  24/24      EV: 10    Int:  4    God:    Zin [******]
Gold:   2358       SH: 22    Dex:  9    Spells: 16/16 levels left

rFire    . . .     SeeInvis .     - Unarmed
rCold    + . .     Gourm    +   F - +0 large shield {rC+}
rNeg     . . .     Faith    .   t - quicksilver dragon scales
rPois    .         Spirit   .   K - +1 hat of the Storm King {MR+ Str+2}
rElec    .         Reflect  .   B - +0 cloak
rCorr    .         Harm     .   (gloves unavailable)
MR       +++..                  (boots unavailable)
Stlth    ..........             O - amulet of the acrobat
HPRegen  0.76/turn              z - +1 ring of slaying
MPRegen  0.19/turn              Q - +2 ring of strength

@: no status effects
A: large, unfitting armour, claws 3, fast metabolism 3, gourmand, regeneration
1, shaggy fur 1, tough skin 3
a: Recite, Vitalisation, Imprison, Sanctuary, Donate Gold, Renounce Religion


You were on level 4 of the Snake Pit.
You worshipped Zin.
Zin was exalted by your worship.
You were not hungry.

You visited 5 branches of the dungeon, and saw 28 of its levels.
You also visited: Sewer, Gauntlet and Ice Cave.

You collected 2658 gold pieces.
You spent 141 gold pieces at shops.
You donated 159 gold pieces to Zin.

Inventory:

Hand Weapons
 a - a +2 scimitar of flaming
Missiles
 X - 9 large rocks (quivered)
Armour
 b - a +0 shield
 t - quicksilver dragon scales (worn)
 y - a +0 hat of see invisible
 B - a +0 cloak (worn)
 F - a +0 large shield of cold resistance (worn)
 K - the +1 hat of the Storm King (worn) {MR+ Str+2}
   (You found it on level 3 of the Lair of Beasts)

   It affects your strength (+2).
   It affects your resistance to hostile enchantments.
 U - the +5 ice dragon scales of Salvation {*Slow rF- rC++ Dex+9}
   (You found it in a Gauntlet)

   It affects your dexterity (+9).
   It makes you vulnerable to fire.
   It greatly protects you from cold.
   It may slow you when you take damage.
Jewellery
 p - an uncursed ring of protection from cold
 x - an uncursed ring of protection from cold
 z - a +1 ring of slaying (left claw)
 D - an uncursed amulet of faith
 O - an amulet of the acrobat (around neck)
 P - an uncursed ring of see invisible
 Q - a +2 ring of strength (right claw)
Wands
 h - a wand of paralysis (35)
 N - a wand of acid (4)
 R - a wand of iceblast (10)
 V - a wand of scattershot (5)
 W - a wand of flame (15)
Scrolls
 d - 25 scrolls of identify
 i - 6 scrolls of enchant weapon
 k - 4 scrolls of teleportation
 l - 2 scrolls of fear
 q - a scroll of blinking
 v - 2 scrolls of magic mapping
 A - 12 scrolls of remove curse
 G - 7 scrolls of enchant armour
 H - 3 scrolls of immolation
 L - 2 scrolls of fog
 T - a scroll of amnesia
Potions
 c - 5 potions of might
 f - 4 potions of invisibility
 g - 5 potions of curing
 j - 7 potions of flight
 m - 7 potions of mutation
 n - 4 potions of cancellation
 o - 3 potions of agility
 r - a potion of haste {unknown}
 s - 5 potions of resistance
 u - 2 potions of magic {unknown}
 C - 3 potions of ambrosia
 E - a potion of heal wounds
 I - 3 potions of brilliance {unknown}
 M - 2 potions of berserk rage {unknown}
Comestibles
 e - 30 rations


   Skills:
 * Level 7.9 Fighting
 - Level 0.4 Long Blades
 + Level 2.1 Throwing
 + Level 7.2 Armour
 + Level 5.2 Dodging
 * Level 13.3 Shields
 * Level 19.9 Unarmed Combat
 * Level 10.7 Invocations


You had 16 spell levels left.
You didn't know any spells.
Your spell library contained the following spells:

 Spells                   Type           Power        Failure   Level  Hunger
 Animate Skeleton         Necr           N/A          71%         1    ##.....
 Apportation              Tloc           #.....       71%         1    ##.....
 Beastly Appendage        Tmut           #.....       71%         1    ##.....
 Confusing Touch          Hex            #.....       71%         1    ##.....
 Corona                   Hex            #......      71%         1    ##.....
 Freeze                   Ice            #...         71%         1    ##.....
 Magic Dart               Conj           #...         71%         1    ##.....
 Pain                     Necr           #...         71%         1    ##.....
 Summon Small Mammal      Summ           #...         71%         1    ##.....
 Searing Ray              Conj           #.....       85%         2    ###....
 Slow                     Hex            #.......     85%         2    ###....
 Sticks to Snakes         Tmut           #.......     85%         2    ###....
 Sublimation of Blood     Necr           #.........   85%         2    ###....
 Throw Frost              Conj/Ice       #.....       85%         2    ###....
 Dazzling Spray           Conj/Hex       #.....       97%         3    ####...
 Ignite Poison            Fire/Tmut/Pois #.......     97%         3    ####...
 Inner Flame              Hex/Fire       #.......     97%         3    ####...
 Ozocubu's Armour         Chrm/Ice       #.......     97%         3    ####...
 Portal Projectile        Hex/Tloc       #.....       97%         3    ####...
 Recall                   Summ/Tloc      N/A          97%         3    ####...
 Spider Form              Tmut/Pois      #.........   97%         3    ####...
 Stone Arrow              Conj/Erth      #.....       97%         3    ####...
 Animate Dead             Necr           N/A          100%        4    #####..
 Cause Fear               Hex            #.........   100%        4    #####..
 Force Lance              Conj/Tloc      #.......     100%        4    #####..
 Fulminant Prism          Conj/Hex       #.........   100%        4    #####..
 Ice Form                 Ice/Tmut       #.......     100%        4    #####..
 Iskenderun's Mystic Bla  Conj           #.......     100%        4    #####..
 Leda's Liquefaction      Hex/Erth       #.........   100%        4    #####..
 Petrify                  Tmut/Erth      #.......     100%        4    #####..
 Summon Ice Beast         Ice/Summ       #.......     100%        4    #####..
 Throw Icicle             Conj/Ice       #.......     100%        4    #####..
 Alistair's Intoxication  Tmut/Pois      #.......     100%        5    ######.
 Blade Hands              Tmut           #.........   100%        5    ######.
 Bolt of Magma            Conj/Fire/Erth #.........   100%        5    ######.
 Borgnjor's Vile Clutch   Necr/Erth      #.........   100%        5    ######.
 Irradiate                Conj/Tmut      #.........   100%        5    ######.
 Metabolic Englaciation   Hex/Ice        #.........   100%        5    ######.
 Bolt of Cold             Conj/Ice       #.........   100%        6    #######
 Death Channel            Necr           #.........   100%        6    #######
 Freezing Cloud           Conj/Ice/Air   #.........   100%        6    #######
 Ozocubu's Refrigeration  Ice            #.........   100%        6    #######
 Simulacrum               Ice/Necr       #.........   100%        6    #######
 Orb of Destruction       Conj           #.........   100%        7    #######


Dungeon Overview and Level Annotations

Branches:
Dungeon (15/15)            Temple (1/1) D:7            Lair (6/6) D:9
  Swamp (0/4) Lair:2        Snake (4/4) Lair:4        Slime (0/5) Lair:5
    Orc (2/2) D:11            Elf (0/3) Orc:2        Vaults (0/5) D:13
 Depths (0/5) D:15          Sewer (visited)           IceCv (visited)
Gauntlet (visited)

Altars:
Ashenzari
Fedhas
Gozag
Makhleb
Nemelex Xobeh
Qazlal
Ru
Sif Muna
Yredelemnul
Zin
Beogh
Jiyva

Shops:
D:10 (   D:12 *   Orc:2 }*(?

Portals:
Trove: D:10 (give horn of Geryon)

Annotations:
D:12 exclusions: orc and 7 more exclusions
Lair:1 3 runed translucent doors, Esekla's ghost, novice OpAK
Lair:5 exclusion: 4 oklob plants
Snake:3 1 transporter
Orc:1 exclusions: orc warrior and 8 more exclusions


Innate Abilities, Weirdness & Mutations

You are too large for most types of armour.
You have claws for hands.
Your metabolism is lightning-fast.
You like to eat raw meat.
Your natural rate of healing is unusually fast.
You are covered in fur. (AC +1)
You have extremely tough skin. (AC +3)


Message History

The shock serpent's electric aura discharges violently, shocking you!
* * * LOW HITPOINT WARNING * * *
You block the shock serpent's attack. You block the naga mage's attack.
You completely miss the shock serpent.
The shock serpent is severely wounded.
You feel sick.
The shock serpent shoots out a bolt of lightning at you!
The bolt of electricity hits you!!
* * * LOW HITPOINT WARNING * * *
The bolt of electricity hits you!
* * * LOW HITPOINT WARNING * * *
The bolt of electricity hits the shock serpent.
The shock serpent completely resists.
The bolt of electricity hits the naga mage!
You feel better.
The shock serpent shoots out a bolt of lightning at you!
The bolt of electricity hits you!
* * * LOW HITPOINT WARNING * * *
The bolt of electricity hits you!
You die...

## ..
###.#.8
#...#.
#...#.
#....######
#....##..)##
#..8NS@.8)<#
##..N##...##
#..N######
#..#+ #..#
#..# ##..# .
#..N## ..
##...)###...


You could see a nagaraja (dazed), a shock serpent and a naga mage.

Vanquished Creatures
  Rupert (D:14)
  Jorgrun (Orc:2)
  Gastronok (D:11)
  A nagaraja (Snake:3)
  A frost giant (IceCv)
  Azrael (D:12)
  A minotaur (Gauntlet)
  6 hydras
  5 naga warriors
  4 catoblepae
  A death knight (D:12)
  8 anacondas
  2 dancing weapons (D:13)
  Erica (Orc:1)
  An alligator (Lair:6)
  A vampire mage (D:15)
  7 two-headed ogres
  2 centaur warriors (D:14)
  14 death yaks
  4 orc high priests (Orc:2)
  2 thrashing horrors (Gauntlet)
  3 naga sharpshooters
  7 shock serpents
  The ghost of mystokes the Slicer, a novice NaIE of Makhleb (D:7)
  The ghost of MTVSty1e the Cleaver, a novice MiFi (D:8)
  The ghost of Inarius the Cleaver, a novice MiFi of Ru (D:7)
  The ghost of Erac the Transmogrifier, a novice MfTm of Okawaru (D:7)
  6 skeletal warriors
  5 sea snakes
  An unseen horror (D:15)
  7 naga ritualists
  A golden dragon skeleton (D:15)
  A sphinx zombie (D:15)
  3 orc sorcerers
  10 orc knights
  2 necromancers
  12 mana vipers
  4 salamanders
  3 manticores
  A deep elf mage (D:11)
  2 cyclopes
  6 ugly things
  10 elephants
  9 naga magi
  4 centaur zombies
  38 black mambas
  2 guardian serpents (Snake:3)
  An ice statue (IceCv)
  2 gargoyles (D:11)
  11 spiny frogs
  2 rime drakes
  A freezing wraith (D:14)
  An efreet (D:11)
  A kobold demonologist (D:15)
  8 komodo dragons
  9 trolls
  2 hornets
  16 polar bears
  3 slime creatures
  11 hippogriffs
  20 blink frogs
  4 small abominations (Gauntlet)
  2 fire dragon skeletons (D:15)
  3 shadows
  A centaur simulacrum (D:11)
  A fire elemental (D:12)
  4 vampires (D:11)
  A wyvern (Lair:4)
  2 wraiths
  47 yaks
  2 basilisks
  3 hungry ghosts
  7 vampire mosquitoes
  4 wargs
  38 nagas
  An acid dragon (D:15)
  12 porcupines
  16 water moccasins
  6 hell hounds (D:12)
  2 ice beasts
  21 orc warriors
  5 sky beasts
  5 phantoms
  A black bear (Lair:5)
  3 eyes of draining
  6 ogres
  A necrophage (D:8)
  20 wolves
  5 boggarts (D:14)
  4 centaurs
  15 crocodiles
  4 big kobolds
  24 bullfrogs
  A gnoll sergeant (D:11)
  A wyvern zombie (D:8)
  A water moccasin skeleton (D:7)
  A wyvern skeleton (D:11)
  6 scorpions
  5 killer bees (D:7)
  15 wights
  2 electric eels (D:8)
  A howler monkey (D:6)
  2 bullfrog zombies
  5 crimson imps
  A quasit (D:7)
  2 jellies
  31 orc priests
  7 hounds
  34 orc wizards
  2 bullfrog skeletons
  6 centaur skeletons
  An iguana (D:11)
  8 worker ants
  A worker ant zombie (D:6)
  9 gnolls
  A river rat (Sewer)
  25 adders
  3 shadow imps
  12 white imps (Lair:1)
  5 oozes
  2 adder zombies
  2 adder skeletons
  9 worms
  3 dart slugs (D:2)
  9 leopard geckos
  60 orcs
  7 ball pythons
  5 bats
  4 giant cockroaches
  13 goblins
  6 hobgoblins
  6 jackals
  17 kobolds
  5 quokkas
  4 frilled lizards
  A jackal skeleton (D:4)
  11 rats
  A fungus (Lair:4)
  3 plants
920 creatures vanquished.

Vanquished Creatures (others)
  An orc wizard (Orc:2)
  13 fungi
  17 plants
  3 withered plants (Gauntlet)
34 creatures vanquished.

Grand Total: 954 creatures vanquished

Notes
Turn   | Place    | Note
-------+----------+-------------------------------------------
     0 | D:1      | PlayerOfArmor the Troll Fighter began the quest for the
                  | Orb.
     0 | D:1      | Reached XP level 1. HP: 22/22 MP: 0/0
   102 | D:1      | Reached XP level 2. HP: 29/29 MP: 1/1
   814 | D:2      | Reached XP level 3. HP: 36/36 MP: 2/2
   886 | D:2      | Reached skill level 3 in Unarmed Combat
   886 | D:2      | Reached XP level 4. HP: 31/44 MP: 3/3
  1140 | D:2      | Found a shattered altar of Ashenzari.
  1290 | D:2      | Reached XP level 5. HP: 46/50 MP: 4/4
  1326 | D:2      | Found a glowing silver altar of Zin.
  1401 | D:2      | Became a worshipper of Zin the Law-Giver
  1401 | D:2      | Reached * piety under Zin
  1624 | D:3      | Found a blossoming altar of Fedhas.
  2112 | D:3      | Reached skill level 4 in Unarmed Combat
  2447 | D:4      | Found a sacrificial altar of Ru.
  2480 | D:4      | Noticed a phantom
  2517 | D:4      | Killed a phantom
  2517 | D:4      | Reached XP level 6. HP: 53/59 MP: 5/5
  2586 | D:4      | Reached ** piety under Zin
  2922 | D:4      | Found a glowing drain.
  2950 | Sewer    | Entered a sewer
  3046 | Sewer    | Reached skill level 5 in Unarmed Combat
  3046 | Sewer    | Reached skill level 1 in Invocations
  3125 | Sewer    | Reached XP level 7. HP: 56/66 MP: 6/6
  3578 | D:5      | Entered Level 5 of the Dungeon
  3641 | D:5      | Reached skill level 6 in Unarmed Combat
  3712 | D:5      | Found a sparkling altar of Nemelex Xobeh.
  3713 | D:5      | Found a burning altar of Makhleb.
  3920 | D:5      | Reached skill level 1 in Armour
  4615 | D:6      | Reached XP level 8. HP: 69/74 MP: 8/8
  4633 | D:6      | Reached *** piety under Zin
  4888 | D:6      | Reached skill level 7 in Unarmed Combat
  5076 | D:7      | You fall into a shaft and drop 3 floors!
  5076 | D:10     | Entered Level 10 of the Dungeon
  5100 | D:10     | Found Bisu's Weapon Emporium.
  5193 | D:10     | Found a portal to a secret trove of treasure.
  5230 | D:10     | Reached skill level 8 in Unarmed Combat
  5236 | D:10     | Reached skill level 5 in Shields
  5395 | D:10     | Noticed a hippogriff
  5402 | D:10     | Killed a hippogriff
  5402 | D:10     | Reached XP level 9. HP: 80/80 MP: 10/10
  5421 | D:10     | Reached skill level 9 in Unarmed Combat
  5636 | D:8      | Reached skill level 10 in Unarmed Combat
  5685 | D:8      | Reached **** piety under Zin
  5824 | D:7      | Reached XP level 10. HP: 76/91 MP: 12/12
  5921 | D:7      | Found a staircase to the Ecumenical Temple.
  6001 | Temple   | Entered the Ecumenical Temple
  6138 | D:7      | Paralysed by a hornet for 1 turns
  6218 | D:7      | Found a runed translucent gate.
  6218 | D:7      | Found a runed translucent gate.
  6218 | D:7      | Found a runed translucent gate.
  6224 | D:7      | Noticed Inarius's ghost (novice MiFi)
  6224 | D:7      | Noticed Erac's ghost (novice MfTm)
  6224 | D:7      | Noticed mystokes's ghost (novice NaIE)
  6252 | D:7      | Killed Inarius's ghost
  6252 | D:7      | Reached skill level 11 in Unarmed Combat
  6333 | D:7      | Killed mystokes's ghost
  6338 | D:7      | Killed Erac's ghost
  6338 | D:7      | Reached skill level 5 in Invocations
  6667 | D:8      | Found a transporter.
  6669 | D:8      | Found a transporter.
  6670 | D:8      | Noticed MTVSty1e's ghost (novice MiFi)
  6706 | D:8      | Killed MTVSty1e's ghost
  6712 | D:8      | Reached skill level 12 in Unarmed Combat
  6804 | D:8      | Reached ***** piety under Zin
  7346 | D:9      | Found a staircase to the Lair.
  7347 | D:9      | Noticed an elephant
  7354 | D:9      | Reached XP level 11. HP: 97/97 MP: 14/14
  8055 | D:10     | Noticed a two-headed ogre
  8066 | D:10     | Killed a two-headed ogre
  8532 | D:11     | Found a staircase to the Orcish Mines.
  8679 | D:11     | Noticed a two-headed ogre
  8686 | D:11     | Killed a two-headed ogre
  8690 | D:11     | Reached skill level 13 in Unarmed Combat
  8813 | D:11     | Noticed a two-headed ogre
  8822 | D:11     | Killed a two-headed ogre
  8824 | D:11     | Noticed a deep elf mage
  8825 | D:11     | Noticed a two-headed ogre
  8840 | D:11     | Killed a two-headed ogre
  8859 | D:11     | Noticed a seven-headed hydra
  9086 | D:11     | Killed a deep elf mage
  9086 | D:11     | Reached XP level 12. HP: 106/106 MP: 16/16
  9110 | D:12     | Noticed Azrael
  9146 | D:12     | HP: 2/106 [Azrael/fireball (29)]
  9150 | D:12     | Found a stormy altar of Qazlal.
  9153 | D:12     | Noticed a death knight
  9428 | Lair:1   | Entered Level 1 of the Lair of Beasts
  9433 | Lair:1   | Reached skill level 14 in Unarmed Combat
  9639 | Lair:1   | Found a frozen archway.
  9685 | IceCv    | Entered an ice cave
  9778 | IceCv    | Reached skill level 5 in Armour
 10198 | IceCv    | Noticed a frost giant
 10232 | IceCv    | Killed a frost giant
 10232 | IceCv    | Reached skill level 15 in Unarmed Combat
 10500 | IceCv    | Reached ****** piety under Zin
 10742 | Lair:1   | Found a runed translucent gate.
 10742 | Lair:1   | Found a runed translucent gate.
 10742 | Lair:1   | Found a runed translucent gate.
 10743 | Lair:1   | Noticed a death ooze
 10745 | Lair:1   | Found a viscous altar of Jiyva.
 10745 | Lair:1   | Noticed Esekla's ghost (novice OpAK)
 10794 | Lair:1   | Reached XP level 13. HP: 110/114 MP: 17/17
 11868 | Lair:2   | Found a staircase to the Swamp.
 12737 | Lair:3   | Got a translucent hat
 12738 | Lair:3   | Identified the +1 hat of the Storm King {MR+ Str+2} (You
                  | found it on level 3 of the Lair of Beasts)
 13222 | Lair:4   | Reached skill level 10 in Shields
 13826 | D:11     | Identified the Catalogue of Evil Rituals and Blows and
                  | Bruises
 14018 | D:11     | Noticed Gastronok
 14033 | D:11     | Killed Gastronok
 14033 | D:11     | Reached skill level 16 in Unarmed Combat
 14242 | D:11     | Found an opulent altar of Gozag.
 15148 | Lair:4   | Found a staircase to the Snake Pit.
 15718 | Lair:5   | Reached XP level 14. HP: 121/124 MP: 19/19
 16165 | Lair:5   | Found a staircase to the Slime Pits.
 16269 | Lair:5   | You fall into a shaft and drop 1 floor!
 16269 | Lair:6   | Entered Level 6 of the Lair of Beasts
 16364 | Lair:6   | Reached skill level 5 in Fighting
 17247 | Lair:6   | Reached skill level 17 in Unarmed Combat
 17863 | Orc:1    | Entered Level 1 of the Orcish Mines
 18099 | Orc:2    | Entered Level 2 of the Orcish Mines
 18108 | Orc:1    | Noticed Erica
 18136 | Orc:1    | Killed Erica
 18296 | Orc:1    | Found a roughly hewn altar of Beogh.
 18462 | Orc:2    | Noticed Jorgrun
 18478 | Orc:2    | Killed Jorgrun
 18810 | Orc:2    | Reached XP level 15. HP: 136/136 MP: 21/21
 19210 | Orc:2    | Found a staircase to the Elven Halls.
 19467 | Orc:2    | Found Qon Ylau's General Store.
 19467 | Orc:2    | Found Woriplumpi's Gadget Shoppe.
 19467 | Orc:2    | Found Galin's Antique Weapon Emporium.
 19472 | Orc:2    | Found Vorakh's Magic Scroll Emporium.
 19473 | Orc:2    | Bought a scroll of enchant armour for 127 gold pieces
 20095 | D:12     | Found Sauly's General Store.
 20101 | D:12     | Bought a potion of degeneration for 14 gold pieces
 20261 | D:12     | Killed Azrael
 21026 | D:13     | Found a gate to the Vaults.
 21466 | D:14     | Found a gate leading to a gauntlet.
 21470 | Gauntlet | Entered a Gauntlet
 21470 | Gauntlet | Found a large runed translucent door.
 21470 | Gauntlet | Found a large runed translucent door.
 21470 | Gauntlet | Found a large runed translucent door.
 21470 | Gauntlet | Found a large runed translucent door.
 21470 | Gauntlet | Found a large runed translucent door.
 21470 | Gauntlet | Found a large runed translucent door.
 21470 | Gauntlet | Found a large runed translucent door.
 21470 | Gauntlet | Found a large runed translucent door.
 21470 | Gauntlet | Found a runed translucent door.
 21470 | Gauntlet | Found a runed translucent gate.
 21470 | Gauntlet | Found a transporter.
 21470 | Gauntlet | Found a transporter.
 21470 | Gauntlet | Found a runed translucent gate.
 21470 | Gauntlet | Found a transporter.
 21471 | Gauntlet | Found a transporter.
 21474 | Gauntlet | Found a transporter.
 21484 | Gauntlet | Found a transporter.
 21499 | Gauntlet | Found a transporter.
 21506 | Gauntlet | Found a transporter.
 21523 | Gauntlet | Found a transporter.
 21531 | Gauntlet | Found a transporter.
 21548 | Gauntlet | Found a transporter.
 21571 | Gauntlet | Found a runed translucent door.
 21572 | Gauntlet | Found a large runed translucent door.
 21572 | Gauntlet | Found a large runed translucent door.
 21572 | Gauntlet | Found a large runed translucent door.
 21572 | Gauntlet | Found a large runed translucent door.
 21573 | Gauntlet | Found a large runed translucent door.
 21573 | Gauntlet | Found a large runed translucent door.
 21574 | Gauntlet | Found a large runed translucent door.
 21574 | Gauntlet | Found a large runed translucent door.
 21583 | Gauntlet | Found a runed translucent gate.
 21601 | Gauntlet | Found a transporter.
 21700 | Gauntlet | Got translucent ice dragon scales
 21701 | Gauntlet | Identified the +5 ice dragon scales of Salvation {*Slow rF-
                  | rC++ Dex+9} (You found it in a Gauntlet)
 21722 | Gauntlet | Reached skill level 18 in Unarmed Combat
 21909 | D:14     | Noticed Rupert
 21920 | D:14     | Killed Rupert
 22482 | D:15     | Entered Level 15 of the Dungeon
 22795 | D:15     | Reached skill level 10 in Invocations
 23029 | D:15     | Found a staircase to the Depths.
 23066 | D:15     | Reached XP level 16. HP: 84/146 MP: 22/22
 23757 | Snake:1  | Entered Level 1 of the Snake Pit
 24110 | Snake:1  | Found a basalt altar of Yredelemnul.
 24199 | Snake:1  | You fall into a shaft and drop 1 floor!
 24478 | Snake:2  | Reached skill level 19 in Unarmed Combat
 24509 | Snake:2  | Reached XP level 17. HP: 42/156 MP: 14/23
 25953 | Snake:3  | Reached skill level 5 in Dodging
 26486 | Snake:3  | Found a transporter.
 26491 | Snake:3  | Found a shimmering blue altar of Sif Muna.
 27043 | Snake:4  | Entered Level 4 of the Snake Pit
 27508 | Snake:4  | Killed from afar by a shock serpent

Levels and vault maps discovered:
D:1:      saegor_arrival_miasma, layout_loops_corners
D:2:      layout_loops_ring, lemuel_doored_altar, old_standard_altar,
          serial_bayou_ford_a
D:3:      layout_basic, minmay_misc_feat_hallway, fedhas_altar_1
D:4:      layout_basic, cheibrodos_sewer_entry_bend,
          nicolae_ru_great_annihilating_truth
D:5:      layout_gridville, gammafunk_temple_overflow_statue, first_ration
D:6:      layout_loops_ring
D:7:      layout_rooms, minmay_temple_entry_statues_pillars,
          gammafunk_ghost_cemetery
D:8:      layout_cave_pools, gammafunk_ghost_mausoleum, grunt_ogre_cave,
          kennysheep_minor_cross, minmay_misc_feat_square
D:9:      layout_roguey, david_lair_generic
D:10:     layout_grid_maze, serial_shops, shop, nicolae_trove_entry_free_sample
D:11:     minmay_the_grid_octo_tiled_octocenter_mashed [minmay_the_grid_octo_77,
          minmay_the_grid_octo_teeth, minmay_the_grid_octo_clover,
          minmay_the_grid_octo_concentric, minmay_the_grid_octo_prize_big_c,
          minmay_the_grid_square_5x5_misaligned,
          minmay_the_grid_square_5x5_minibox, minmay_the_grid_square_5x5_plus,
          minmay_the_grid_square_5x5_shrine2], layout_basic,
          grunt_decor_fettered, corner_web_ring, nicolae_gozag_seed_capital,
          uniq_gastronok
D:12:     layout_layer_cave, serial_shops, shop, minmay_misc_feat_tiny,
          nicolae_qazlal_general_emergency, uniq_azrael
D:13:     layout_rooms, erik_vaults_1
D:14:     layout_roguey, gauntlet_entry_generic, minmay_misc_feat_ornament,
          drop_trap, uniq_rupert
D:15:     gammafunk_depths_entry_grave, layout_rooms, roderic_serpentine_path
Temple:   regret_index_temple_mists
Lair:1:   layout_gridlike, portal_ice_cave_entry_imps, gammafunk_ghost_ooze,
          beast_lair_carwin_5, grunt_megastairs_3
Lair:2:   layout_big_grid, minmay_swamp_entry_swarm, minivault_19,
          lemuel_fruit_tree
Lair:3:   layout_cave_pods, serial_bayou_shore_b
Lair:4:   layout_gridlike, minmay_snake_entry_six_corridors
Lair:5:   layout_loops_ring, minmay_slime_entry_oklob_enclosed,
          grunt_megastairs_2
Lair:6:   evilmike_catoblepas_cave, layout_regular_city
Snake:1:  layout_misc_corridors, basic_altar
Snake:2:  layout_cave_town
Snake:3:  gammafunk_sealed_library, layout_cave_town
Snake:4:  snake_pit, layout_onion_interference, grunt_ministairs_4,
          serial_bayou_lagoon_b, minmay_shoptagon
Orc:1:    nicolae_orc_accident_2, layout_caves, uniq_erica
Orc:2:    st_orc_mages, layout_diamond_mine, abandoned_shop,
          guppyfry_orc_lava_fort, uniq_jorgrun

Skill      XL: |  1  2  3  4  5  6  7  8  9 10 11 12 13 14 15 16 17 |
---------------+----------------------------------------------------+-----
Shields        | 3 4 5 7 9 10 11 12 13 | 13.3
Unarmed Combat | 3 4 5 6 8 10 12 13 15 16 17 18 19 | 19.9
Dodging        | 3 4 5 |  5.2
Invocations    | 1 2 3 4 5 6 7 8 9 10 | 10.7
Armour         | 1 2 3 4 5 6 7 |  7.2
Fighting       | 3 4 5 6 7 |  7.9
Throwing       | 2 |  2.1
Long Blades    | |  0.4

Action                   |  1- 3 |  4- 6 |  7- 9 | 10-12 | 13-15 | 16-18 || total
-------------------------+-------+-------+-------+-------+-------+-------++-------
Melee: Unarmed           |    85 |   260 |   289 |   657 |  1362 |   571 ||  3224
       Scimitar          |       |       |       |       |    51 |       ||    51
Invok: Recite            |       |     5 |    13 |    19 |    36 |    18 ||    91
       Imprison          |       |       |       |     1 |       |       ||     1
Evoke: Wand              |       |       |       |     8 |     8 |       ||    16
  Use: Scroll            |       |       |       |    14 |     8 |     5 ||    27
       Potion            |       |       |       |    12 |     1 |    12 ||    25
 Stab: Paralysed         |       |     3 |       |     1 |    31 |     6 ||    41
       Confused          |       |       |     1 |     4 |    10 |    10 ||    25
       Invisible         |       |       |       |     1 |     4 |       ||     5
  Eat: Chunk             |    10 |    23 |    25 |    52 |    79 |    23 ||   212
       Ration            |       |       |     1 |       |     8 |     6 ||    15
Armor: Robe              |    23 |    31 |       |       |       |       ||    54
       Quicksilver drago |       |    20 |   138 |   291 |   345 |    95 ||   889
Dodge: Dodged            |    27 |    81 |    79 |   245 |   278 |   137 ||   847
Block: Shield            |    30 |    99 |   100 |   361 |       |       ||   590
       Large shield      |       |       |       |    33 |  1177 |   533 ||  1743
       Rpst.: Scimitar   |       |       |       |       |     5 |       ||     5
